 Dungeon Crawl Stone Soup version 0.24.0-123-gd5b16e6ec5 (webtiles) character file.

Game seed: 15410456469601355217, levelgen mode: deterministic

112753 Mesmaeker13 the Gelid (level 16, -7/105 HPs)
             Began as a White Draconian Ice Elementalist on Jan 19, 2020.
             Was a High Priest of Sif Muna.
             Mangled by a jumping spider (19 damage)
             ... on level 4 of the Spider Nest.
             The game lasted 02:04:14 (50417 turns).

Mesmaeker13 the Gelid (DrIE)                       Turns: 50417, Time: 02:04:15

Health: -7/105     AC: 15    Str: 12    XL:     16   Next: 12%
Magic:  4/30       EV: 14    Int: 25    God:    Sif Muna [*****.]
Gold:   1700       SH:  0    Dex: 15    Spells: 11/35 levels left

rFire    + + .     SeeInvis .   W - +5 double sword (flame)
rCold    + + .     Gourm    .   y - +0 shield
rNeg     . . .     Faith    .   (armour unavailable)
rPois    +         Spirit   .   x - +2 hat {Int+3}
rElec    .         Reflect  .   r - scarf {rC+ rF+}
rCorr    .         Harm     .   a - +0 pair of gloves of Ucweforph {Dex+4}
MR       ++...                  F - +2 pair of boots {run}
Stlth    ++........             L - amulet of Autumn {RegenMP rPois rF+}
HPRegen  0.27/turn              B - ring of protection from magic
MPRegen  0.47/turn              I - +5 ring of evasion

@: very slightly contaminated, held, studying Long Blades, quick
A: breathe frost, unfitting armour, cold resistance 1, cold-blooded, AC +9
a: Breathe Frost, Channel Magic, Forget Spell, Divine Exegesis, Renounce
Religion


You were on level 4 of the Spider Nest.
You worshipped Sif Muna.
Sif Muna was extremely pleased with you.
You were not hungry.

You visited 5 branches of the dungeon, and saw 28 of its levels.
You visited the Abyss 1 time.

You collected 2699 gold pieces.
You spent 999 gold pieces at shops.

Inventory:

Hand Weapons
 z - the +1 war axe "Dapran" {venom, rElec rC+ Int+2}
   (You found it on level 8 of the Dungeon)

   It poisons the flesh of those it strikes.
   It affects your intelligence (+2).
   It protects you from cold.
   It insulates you from electricity.
 W - a +5 double sword of flaming (weapon)
Missiles
 E - a throwing net (quivered)
Armour
 a - the +0 pair of gloves of Ucweforph (worn) {Dex+4}
   (You bought it in a shop on level 2 of the Orcish Mines)

   It affects your dexterity (+4).
 r - a scarf of resistance (worn)
 x - a +2 hat of intelligence (worn)
 y - a +0 shield (worn)
 F - a +2 pair of boots of running (worn)
Magical Staves
 Q - an uncursed staff of energy
Jewellery
 c - an uncursed ring of stealth
 A - an uncursed amulet of the acrobat
 B - a ring of protection from magic (left hand)
 I - a +5 ring of evasion (right hand)
 J - a +4 amulet of reflection
 L - the amulet of Autumn (around neck) {RegenMP rPois rF+}
   (You took it off a vault guard on level 13 of the Dungeon)

   [amulet of magic regeneration]

   It increases your magic regeneration.
   It protects you from fire.
   It protects you from poison.
Wands
 w - a wand of digging (4)
 T - a wand of acid (4)
Scrolls
 g - 2 scrolls of teleportation
 h - 5 scrolls of magic mapping
 j - a scroll of fear
 l - 7 scrolls of fog
 m - 2 scrolls of silence
 v - 11 scrolls of remove curse
 D - 2 scrolls of blinking
 G - a scroll of enchant armour
 N - 2 scrolls of summoning
Potions
 e - 4 potions of invisibility
 n - 3 potions of curing
 o - 2 potions of ambrosia {unknown}
 p - 7 potions of haste
 q - 2 potions of agility
 s - 2 potions of magic
 u - 4 potions of might
 K - 4 potions of berserk rage {unknown}
 O - 2 potions of flight {unknown}
 P - 3 potions of lignification {unknown}
 R - a potion of resistance
 S - 3 potions of brilliance {unknown}
Books
 H - a manual of Long Blades
Miscellaneous
 f - a sack of spiders
 M - a crystal ball of energy
Comestibles
 b - 18 rations


   Skills:
 + Level 6.2 Long Blades
 - Level 10.0 Dodging
 - Level 1.7 Stealth
 + Level 12.7 Shields
 - Level 10.1 Spellcasting
 - Level 10.0 Conjurations
 - Level 7.0 Summonings
 - Level 15.1 Ice Magic
 + Level 10.6 Air Magic
 - Level 8.0 Invocations


You had 11 spell levels left.
You knew the following spells:

 Your Spells              Type           Power        Failure   Level  Hunger
a - Freezing Cloud        Conj/Ice/Air   ######....   7%          6    #####..
b - Throw Frost           Conj/Ice       ######       1%          2    None
c - Summon Ice Beast      Ice/Summ       ######..     1%          4    None
d - Lightning Bolt        Conj/Air       ######....   2%          5    ####...
e - Ozocubu's Armour      Chrm/Ice       ######..     1%          3    None
f - Throw Icicle          Conj/Ice       ######..     1%          4    None

Your spell library contained the following spells:

 Spells                   Type           Power        Failure   Level  Hunger
 Freeze                   Ice            ####         0%          1    None
 Flame Tongue             Conj/Fire      #####        1%          1    None
 Magic Dart               Conj           ####         1%          1    None
 Shock                    Conj/Air       ####         1%          1    None
 Sting                    Conj/Pois      ####         1%          1    None
 Summon Butterflies       Summ           #####...     1%          1    None
 Poisonous Vapours        Pois/Air       #####.       1%          2    None
 Searing Ray              Conj           ######       1%          2    None
 Swiftness                Chrm/Air       #####...     1%          2    None
 Call Canine Familiar     Summ           #####...     1%          3    None
 Mephitic Cloud           Conj/Pois/Air  #####...     1%          3    None
 Static Discharge         Conj/Air       ######..     1%          3    None
 Airstrike                Air            ######....   1%          4    None
 Iskenderun's Mystic Bla  Conj           ######..     1%          4    None
 Conjure Flame            Conj/Fire      #####...     2%          3    None
 Dazzling Spray           Conj/Hex       #####.       2%          3    None
 Stone Arrow              Conj/Erth      #####.       2%          3    None
 Bolt of Cold             Conj/Ice       ######....   5%          6    #####..
 Sandblast                Erth           ##....       6%          1    None
 Force Lance              Conj/Tloc      #####...     9%          4    None
 Fulminant Prism          Conj/Hex       #####.....   9%          4    None
 Sticky Flame             Conj/Fire      #####...     9%          4    None
 Passwall                 Tmut/Erth      ##......     10%         2    None
 Gell's Gravitas          Tloc           ##........   19%         3    None
 Portal Projectile        Hex/Tloc       ##....       19%         3    None
 Silence                  Hex/Air        #####.....   21%         5    ####...
 Irradiate                Conj/Tmut      #####.....   22%         5    ####...
 Venom Bolt               Conj/Pois      #####.....   22%         5    ####...
 Summon Mana Viper        Hex/Summ       ####....     38%         5    ####...
 Cause Fear               Hex            ##........   54%         4    None
 Olgreb's Toxic Radiance  Pois           ##......     54%         4    None
 Passage of Golubria      Tloc           N/A          54%         4    None
 Petrify                  Tmut/Erth      ##......     54%         4    None
 Bolt of Fire             Conj/Fire      #####.....   77%         6    #####..
 Spellforged Servitor     Conj/Summ      ######....   86%         7    #######
 Lee's Rapid Deconstruct  Erth           ##........   87%         5    ####...
 Summon Hydra             Summ           #####.....   97%         7    #######
 Chain Lightning          Conj/Air       ######....   99%         8    #######
 Darkness                 Hex            ##........   100%        6    #####..
 Dispersal                Tloc           ##........   100%        6    #####..
 Invisibility             Hex            ##......     100%        6    #####..
 Dragon Form              Tmut           ##........   100%        7    #######
 Controlled Blink         Tloc           N/A          100%        8    #######
 Disjunction              Tloc           ##........   100%        8    #######
 Dragon's Call            Summ           #####.....   100%        9    #######


Dungeon Overview and Level Annotations

Branches:
Dungeon (15/15)            Temple (1/1) D:4            Lair (6/6) D:9
 Shoals (0/4) Lair:4       Spider (4/4) Lair:3        Slime (0/5) Lair:6
    Orc (2/2) D:10            Elf (0/3) Orc:2        Vaults (0/5) D:13
 Depths (0/5) D:15

Altars:
Ashenzari
Cheibriados
Dithmenos
Elyvilon
Fedhas
Gozag
Hepliaklqana
Kikubaaqudgha
Makhleb
Nemelex Xobeh
Okawaru
Qazlal
Ru
Sif Muna
Trog
Uskayaw
Vehumet
Wu Jian
Xom
Yredelemnul
Zin
The Shining One
Beogh
Jiyva

Shops:
Orc:2 :*[(

Annotations:
Lair:6 1 runed translucent door, exclusion: door
Spider:2 1 runed translucent door, Qyadack's ghost, adept HOFi
Orc:2 1 exclusion


Innate Abilities, Weirdness & Mutations

You can breathe waves of freezing cold.
You can buffet flying creatures when you breathe cold.
Your icy white scales are hard. (AC +9)
You cannot fit into any form of body armour.
Your flesh is cold resistant. (rC+)
You are cold-blooded and may be slowed by cold attacks.


Message History

An orb of destruction comes into view.
You closely miss the jumping spider.
The jumping spider is heavily wounded.
The jumping spider pounces on you!! You block the jumping spider's attack.
The jumping spider misses you.
You riposte.
You hit the jumping spider. You burn the jumping spider.
The jumping spider is heavily wounded.
The jumping spider barely misses you.
The orb spider is engulfed in freezing vapours.
The jumping spider completely misses you.
You block the jumping spider's attack.
Unknown command.
The orb of destruction hits you!!! The jumping spider pounces on you!!
* * * LOW HITPOINT WARNING * * *
You are caught in a web!
The jumping spider closely misses you.
The orb spider is engulfed in freezing vapours.
You kill the orb spider!
Sif Muna accepts your kill. The jumping spider pounces on you!!
You die...

*#### *** *#...*# **,**
*...,.## **,*,** *..#^..#*
**,*,*,** *.......**
***,*,*,*,*##.......,***
*,+*,*,*,*,#@y..#,,,,,,*
*,*,*,*,*,*#s§§§§§#,*,,**
*,**,*,*,**..§.§§§§§,,,,** **
*,,**,*,**...§§§§§§.,,,,,*
,****,,,**,**....#[..§#^,,,,,*
,,*,,,,,,***..#...#..?#,,,,,,*
*,,,,,,,*,,.^.....,...?.,*,,,*
,,,,,,*,,,..#,....,.....,,,,**
,,,,,,,,,*,,,,,,,,,**,,,,,,,,*


You could see a moth of wrath and a jumping spider (berserk).

Vanquished Creatures
  Gastronok (D:8)
  An orc warlord (Orc:2)
  An emperor scorpion (Spider:2)
  An entropy weaver (Spider:3)
  2 spark wasps
  Josephine (D:15)
  A great orb of eyes (Abyss:3)
  3 hydras
  5 vault guards (D:13)
  A catoblepas (Lair:2)
  3 centaur warriors
  An ogre mage (D:15)
  5 two-headed ogres
  Erica (D:11)
  A deep troll shaman (Lair:6)
  3 death yaks (Lair:6)
  3 orc high priests
  Sonja (Lair:6)
  3 unseen horrors
  3 orc knights
  2 ugly things
  5 orc sorcerers
  9 orb spiders
  3 deep elf magi
  3 manticores
  11 wolf spiders
  A cyclops (D:15)
  A moth of wrath (Lair:3)
  A black mamba (Lair:5)
  Psyche (D:7)
  2 orange demons (D:13)
  2 gargoyles
  3 torpor snails
  2 efreet
  5 demonic crawlers
  10 spiny frogs
  A kobold demonologist (D:11)
  4 komodo dragons
  A rime drake (Lair:4)
  A yaktaur (D:15)
  A freezing wraith (D:15)
  4 trolls
  A merfolk (D:14)
  20 jumping spiders
  2 red devils (D:13)
  3 polar bears
  5 meliai
  A queen bee (Spider:3)
  4 slime creatures
  A hornet (Spider:1)
  8 blink frogs
  8 hippogriffs
  29 redbacks
  A shadow (D:12)
  2 vampires
  18 tarantellas
  16 yaks
  4 wraiths
  A vampire mosquito (D:15)
  3 basilisks
  2 acid dragons
  8 water moccasins
  7 porcupines
  15 orc warriors
  5 ice beasts
  2 black bears (D:6)
  A phantom (D:9)
  A black bear (shapeshifter) (D:14)
  A sky beast (D:10)
  8 wolves
  6 boggarts (D:15)
  19 ogres
  9 centaurs
  6 crocodiles
  19 bullfrogs
  5 big kobolds
  A small abomination (Abyss:3)
  5 scorpions
  A water moccasin skeleton (D:9)
  Dowan (D:5)
  21 killer bees
  3 wights (D:12)
  4 electric eels
  2 bullfrog zombies
  7 crimson imps
  6 centaur zombies
  A jelly (D:12)
  3 hounds
  2 centaur skeletons
  3 bullfrog skeletons
  16 orc priests
  6 iguanas
  Ijyb (D:4)
  12 orc wizards
  2 hell rats (Lair:1)
  8 worker ants
  A bullfrog simulacrum (D:8)
  3 hound skeletons
  A howler monkey zombie (D:4)
  7 gnolls
  7 river rats (Lair:1)
  18 adders
  A shadow imp (D:12)
  A white imp (D:8)
  An ufetubus (D:8)
  3 oozes
  An adder skeleton (D:4)
  An adder zombie (D:6)
  6 worms
  2 dart slugs
  7 leopard geckos
  48 orcs
  2 ball pythons
  20 bats
  8 giant cockroaches
  6 goblins
  11 hobgoblins
  13 jackals
  18 kobolds
  2 quokkas
  6 frilled lizards
  A jackal skeleton (D:5)
  A quokka skeleton (D:5)
  12 rats
  2 fungi
  A plant (Lair:5)
671 creatures vanquished.

Vanquished Creatures (collateral kills)
  An emperor scorpion (Spider:3)
  Snorg (Lair:6)
  Harold (D:11)
  3 vault guards (D:13)
  Erolcha (D:11)
  3 hydras (Lair:6)
  A catoblepas (Lair:6)
  2 centaur warriors
  A death knight (D:15)
  A two-headed ogre (D:9)
  2 death yaks (Lair:6)
  A wolf spider zombie (D:15)
  3 orc knights
  2 orb spiders (Spider:3)
  3 ugly things
  4 wolf spiders
  A wolf spider (shapeshifter) (D:15)
  An orc sorcerer (Orc:2)
  2 manticores
  3 black mambas
  3 elephants (Lair:6)
  3 spiny frogs
  An orange demon (D:13)
  A gargoyle (D:10)
  A demonic crawler (Spider:2)
  A yaktaur (shapeshifter) (D:15)
  A komodo dragon (shapeshifter) (D:15)
  4 komodo dragons
  3 jumping spiders
  A red devil (D:13)
  4 trolls
  A polar bear (D:8)
  A meliai (D:13)
  A hornet (Spider:2)
  6 slime creatures
  10 dream sheep
  12 blink frogs
  5 hippogriffs
  4 tarantellas
  10 redbacks
  A spriggan (shapeshifter) (D:15)
  3 wyverns
  A basilisk (Lair:1)
  17 yaks
  A vampire mosquito (D:15)
  A hungry ghost (D:8)
  4 wargs
  An acid dragon (D:9)
  6 water moccasins
  A porcupine (Lair:5)
  Duvessa (D:5)
  16 orc warriors
  An ogre (D:10)
  The ghost of herny the Skirmisher, an amateur HOAK of Lugonu (D:4)
  2 black bears
  A phantom (D:8)
  10 wolves
  3 crocodiles
  2 big kobolds
  A bullfrog (Lair:2)
  A killer bee (Spider:3)
  A jelly (D:9)
  4 orc wizards
  3 orc priests
  2 river rats (Lair:1)
  2 white imps (D:8)
  19 orcs
  6 kobolds
  A rat (Lair:1)
  A plant (Lair:6)
224 creatures vanquished.

Vanquished Creatures (others)
  Grum (D:8)
  A jumping spider (Spider:1)
  3 yaks (Lair:5)
  A wolf (Lair:3)
  A kobold (D:8)
  2 fungi
  7 plants (Lair:6)
16 creatures vanquished.

Grand Total: 911 creatures vanquished

Notes
Turn   | Place    | Note
-------+----------+-------------------------------------------
     0 | D:1      | Mesmaeker13 the Draconian Ice Elementalist began the quest
                  | for the Orb.
     0 | D:1      | Reached XP level 1. HP: 14/14 MP: 3/3
   294 | D:1      | Reached XP level 2. HP: 20/20 MP: 0/5
   941 | D:1      | Reached XP level 3. HP: 26/26 MP: 4/6
  1856 | D:3      | Found a bloodstained altar of Trog.
  1865 | D:3      | Learned a level 2 spell: Throw Frost
  1865 | D:3      | Reached XP level 4. HP: 33/33 MP: 4/8
  2912 | D:3      | Found a basalt altar of Yredelemnul.
  3246 | D:2      | Reached skill level 4 in Ice Magic
  3354 | D:2      | Reached XP level 5. HP: 38/38 MP: 2/9
  3375 | D:2      | Found an iron altar of Okawaru.
  3687 | D:2      | Found a white marble altar of Elyvilon.
  4246 | D:4      | Noticed an ogre
  4275 | D:4      | Killed an ogre
  4275 | D:4      | Reached XP level 6. HP: 38/45 MP: 1/10
  4636 | D:4      | Noticed herny's ghost (amateur HOAK)
  4639 | D:4      | Found a runed translucent door.
  4684 | D:4      | Noticed Ijyb
  4694 | D:4      | Killed Ijyb
  4721 | D:4      | Reached skill level 5 in Ice Magic
  4794 | D:4      | Learned a level 4 spell: Summon Ice Beast
  5043 | D:4      | Found a staircase to the Ecumenical Temple.
  5058 | Temple   | Entered the Ecumenical Temple
  5450 | D:4      | Your scales start taking on an icy white colour.
  5450 | D:4      | Reached skill level 6 in Ice Magic
  5450 | D:4      | Reached XP level 7. HP: 49/50 MP: 4/11
  5450 | D:4      | Gained mutation: Your flesh is cold resistant. (rC+) [White
                  | Draconian growth]
  5599 | D:5      | Entered Level 5 of the Dungeon
  5624 | D:5      | Reached skill level 1 in Summonings
  6182 | D:5      | Noticed Dowan
  6182 | D:5      | Noticed Duvessa
  6226 | D:5      | Killed Dowan
  6451 | D:5      | HP: 1/50 [ice beast (3)]
  6664 | D:5      | Reached skill level 7 in Ice Magic
  6664 | D:5      | Reached XP level 8. HP: 35/57 MP: 2/12
  6728 | D:5      | Reached skill level 5 in Dodging
  6933 | D:5      | Found a shadowy altar of Dithmenos.
  7358 | D:5      | Killed Duvessa
  7518 | D:5      | Reached skill level 5 in Conjurations
  7968 | D:5      | Reached skill level 8 in Ice Magic
  8073 | D:6      | Found a hazy altar of Hepliaklqana.
  8097 | D:6      | Reached XP level 9. HP: 41/62 MP: 1/13
  8880 | D:6      | Reached skill level 5 in Summonings
  9002 | D:6      | Found a radiant altar of Vehumet.
  9065 | D:6      | Learned a level 2 spell: Searing Ray
  9309 | D:6      | Found a bloodstained altar of Trog.
  9486 | D:7      | Reached skill level 9 in Ice Magic
  9904 | D:7      | You fall into a shaft and drop 1 floor!
 10065 | D:7      | Found a shimmering blue altar of Sif Muna.
 10226 | D:7      | Became a worshipper of Sif Muna the Loreminder
 10360 | D:8      | Noticed Grum
 10392 | D:8      | Noticed a troll
 10392 | D:8      | Noticed a manticore
 10398 | D:8      | Noticed Gastronok
 10410 | D:8      | Your ally died
 10429 | D:8      | Killed Gastronok
 10429 | D:8      | Reached XP level 10. HP: 43/69 MP: 7/14
 10437 | D:8      | Found a large runed translucent door.
 10437 | D:8      | Found a large runed translucent door.
 10437 | D:8      | Noticed a white ugly thing
 10747 | D:8      | Found a shimmering blue altar of Sif Muna.
 10748 | D:8      | Found a hide-covered altar of Uskayaw.
 10749 | D:8      | Found an ancient bone altar of Kikubaaqudgha.
 10749 | D:8      | Found a burning altar of Makhleb.
 10754 | D:8      | Got a transparent war axe
 11139 | D:8      | Noticed Psyche
 11150 | D:7      | Killed Psyche
 11150 | D:7      | Reached skill level 10 in Ice Magic
 11216 | D:7      | Killed a manticore
 11551 | D:8      | Learned a level 3 spell: Ozocubu's Armour
 11916 | D:8      | Reached * piety under Sif Muna
 12358 | D:8      | Killed a white ugly thing
 12746 | D:8      | Found a snail-covered altar of Cheibriados.
 12751 | D:8      | Found a sacrificial altar of Ru.
 12751 | D:8      | Noticed a centaur warrior
 12760 | D:8      | Killed a centaur warrior
 12950 | D:9      | Learned a level 4 spell: Throw Icicle
 13480 | D:9      | Reached ** piety under Sif Muna
 13516 | D:9      | Found a staircase to the Lair.
 13724 | D:9      | Got a shimmering flail
 13816 | D:9      | Noticed a two-headed ogre
 13828 | D:9      | Killed a two-headed ogre
 13828 | D:9      | Reached XP level 11. HP: 74/74 MP: 9/18
 13909 | D:9      | Identified the cursed +1 war axe "Dapran" {venom, rElec rC+
                  | Int+2} (You found it on level 8 of the Dungeon)
 14056 | D:10     | Entered Level 10 of the Dungeon
 14100 | D:10     | Found a staircase to the Orcish Mines.
 14110 | D:10     | Reached skill level 11 in Ice Magic
 14606 | D:10     | Reached skill level 5 in Spellcasting
 16430 | Lair:1   | Entered Level 1 of the Lair of Beasts
 16704 | Lair:1   | Reached *** piety under Sif Muna
 18186 | Lair:2   | Reached **** piety under Sif Muna
 18309 | Lair:2   | Noticed a catoblepas
 18368 | Lair:2   | Killed a catoblepas
 18475 | Lair:2   | Reached skill level 12 in Ice Magic
 18775 | Lair:2   | Identified the +3 flail of Power {crush, rC+ rN+++ Stlth-}
                  | (You found it on level 9 of the Dungeon)
 19761 | Lair:3   | Reached XP level 12. HP: 80/81 MP: 11/22
 20162 | Lair:3   | Found a hole to the Spider Nest.
 20382 | Lair:3   | Reached skill level 10 in Conjurations
 21478 | Lair:4   | Found a staircase to the Shoals.
 21500 | Lair:4   | Reached skill level 10 in Dodging
 22092 | Lair:4   | Reached skill level 1 in Shields
 22110 | Lair:4   | Reached skill level 13 in Ice Magic
 23215 | Lair:5   | Got a crystal great mace
 23224 | Lair:5   | Got an ancient iron amulet
 23478 | Lair:6   | Entered Level 6 of the Lair of Beasts
 23479 | Lair:6   | Identified the cursed +2 great mace of Ytwasy {vamp, +Blink
                  | Str-3 Int+2 Stlth+} (You found it on level 5 of the Lair of
                  | Beasts)
 23480 | Lair:6   | Identified the amulet "Jenixu Ryugo" {Harm *Contam *Drain
                  | rElec rPois} (You found it on level 5 of the Lair of
                  | Beasts)
 24428 | Lair:6   | Noticed Snorg
 24441 | Lair:6   | Killed Snorg
 24725 | Lair:6   | Noticed Sonja
 24744 | Lair:6   | Killed Sonja
 24831 | Lair:6   | Reached XP level 13. HP: 72/86 MP: 15/25
 25264 | Lair:6   | Reached skill level 5 in Shields
 25276 | Lair:5   | Reached skill level 14 in Ice Magic
 26269 | Lair:6   | Found a runed translucent door.
 26269 | Lair:6   | Found a viscous altar of Jiyva.
 26270 | Lair:6   | Noticed an azure jelly
 26272 | Lair:6   | Noticed an azure jelly
 26273 | Lair:6   | Found a staircase to the Slime Pits.
 26273 | Lair:6   | Noticed an azure jelly
 26274 | Lair:6   | Noticed an azure jelly
 26674 | Lair:6   | Reached skill level 1 in Invocations
 27490 | Lair:6   | Identified the Reference Book on Conjuration
 27870 | D:4      | Killed herny's ghost
 28175 | Orc:1    | Entered Level 1 of the Orcish Mines
 28698 | Orc:1    | Reached ***** piety under Sif Muna
 28698 | Orc:1    | Identified Ivvick's Compendium of Weightlessness (Sif Muna
                  | gifted it to you on level 1 of the Orcish Mines)
 28698 | Orc:1    | Received a gift from Sif Muna
 29713 | Orc:2    | Entered Level 2 of the Orcish Mines
 30128 | Orc:2    | Noticed an orc warlord
 30179 | Orc:2    | Killed an orc warlord
 30723 | Orc:2    | Reached skill level 10 in Spellcasting
 30811 | Orc:2    | Found a roughly hewn altar of Beogh.
 30829 | Orc:2    | Reached skill level 15 in Ice Magic
 31184 | Orc:2    | Found Qoynieca's General Store.
 31257 | Orc:2    | Found Niuf Qax's Antique Weapon Shop.
 31381 | Orc:2    | Found Otixzo Ocuo's Antique Armour Shop.
 31987 | Orc:2    | Found a staircase to the Elven Halls.
 32276 | Orc:2    | Found Ylloajei's Book Shop.
 32377 | Orc:2    | Bought a pair of steaming gloves for 199 gold pieces
 32377 | Orc:2    | Bought a pair of glowing boots for 157 gold pieces
 32384 | Orc:2    | Identified a +2 pair of boots of running (You bought it in
                  | a shop on level 2 of the Orcish Mines)
 32389 | Orc:2    | Identified the +0 pair of gloves of Ucweforph {Dex+4} (You
                  | bought it in a shop on level 2 of the Orcish Mines)
 32407 | Orc:2    | Bought a polished rapier for 261 gold pieces
 32423 | Orc:2    | Bought a potion of heal wounds for 85 gold pieces
 32423 | Orc:2    | Bought a scroll of enchant armour for 127 gold pieces
 32423 | Orc:2    | Bought a potion of resistance for 170 gold pieces
 32581 | Lair:1   | Identified the +6 rapier "Spiderslayer" {vamp, Dex+2
                  | Stlth+} (You bought it in a shop on level 2 of the Orcish
                  | Mines)
 32691 | D:11     | Reached skill level 5 in Invocations
 32761 | D:11     | Noticed Erolcha
 32769 | D:11     | Cast into level 2 of the Abyss (Erolcha)
 32958 | Abyss:3  | Noticed a white draconian annihilator
 32975 | Abyss:3  | Reached XP level 14. HP: 82/93 MP: 1/28
 33023 | Abyss:4  | Found a corrupted altar of Lugonu.
 33071 | Abyss:4  | Noticed a white very ugly thing
 33088 | D:11     | Escaped the Abyss
 33094 | D:11     | Killed Erolcha
 33573 | D:11     | Noticed Harold
 33611 | D:11     | Killed Harold
 33801 | D:11     | Learned a level 6 spell: Freezing Cloud
 34077 | D:11     | Noticed Erica
 34080 | D:11     | Killed Erica
 34269 | D:12     | Reached skill level 1 in Air Magic
 35712 | D:13     | Found a gate to the Vaults.
 36120 | D:13     | Identified the amulet of Autumn {RegenMP rPois rF+}
 37603 | D:13     | Identified Cuteojele's Almanac of Attacks (Sif Muna gifted
                  | it to you on level 13 of the Dungeon)
 37603 | D:13     | Received a gift from Sif Muna
 37876 | D:13     | Reached skill level 5 in Air Magic
 39621 | D:15     | Entered Level 15 of the Dungeon
 39759 | D:15     | Noticed Josephine
 39766 | D:15     | Killed Josephine
 39934 | D:15     | Reached skill level 10 in Shields
 40676 | D:15     | Reached XP level 15. HP: 98/99 MP: 4/29
 41559 | D:15     | Found a sparkling altar of Nemelex Xobeh.
 42296 | D:15     | Found a staircase to the Depths.
 42569 | Lair:1   | Learned a level 5 spell: Lightning Bolt
 42645 | Spider:1 | Entered Level 1 of the Spider Nest
 45652 | Spider:2 | Identified Dimmarid's Reference Book on Feathers and
                  | Conjuration (Sif Muna gifted it to you on level 2 of the
                  | Spider Nest)
 45652 | Spider:2 | Received a gift from Sif Muna
 46322 | Spider:2 | Reached skill level 1 in Long Blades
 46702 | Spider:2 | Found a runed translucent door.
 46702 | Spider:2 | Found a shimmering altar of Xom.
 46702 | Spider:2 | Noticed Qyadack's ghost (adept HOFi)
 46702 | Spider:2 | Identified the +6 quarterstaff "Kapnic" {chaos, MR- Int+4}
 46898 | Spider:3 | Reached skill level 10 in Air Magic
 48876 | Spider:2 | Reached skill level 5 in Long Blades
 48876 | Spider:2 | Reached XP level 16. HP: 75/105 MP: 10/30
 49504 | Spider:3 | Received a gift from Sif Muna
 50403 | Spider:4 | Entered Level 4 of the Spider Nest
 50417 | Spider:4 | Mangled by a jumping spider

Levels and vault maps discovered:
D:1:      onia_arrival_larder, layout_rooms, serial_bayou, serial_bayou_pond_d,
          serial_bayou_shore_a, serial_bayou_shore_b, serial_bayou_lagoon_b,
          serial_bayou_pond_c, minivault_5
D:2:      minmay_angry_zag, layout_rooms, lemuel_doored_altar,
          minmay_splitting_lines, okawaru_ov_weapons_minmay
D:3:      layout_loops_corners, marbit_many_paths, kennysheep_nondescript,
          grunt_decor_cap, kennysheep_cross_bottleneck,
          trog_three_pillars_becter
D:4:      layout_loops_ring, minmay_temple_entry_offerings, first_ration,
          hellmonk_ghost_happy_afterlife, uniq_ijyb
D:5:      layout_gridville, grunt_dithmenos_smoke,
          eino_small_chamber_without_monster, uniq_duvessa
D:6:      layout_loops_ring, kennysheep_mini_moat, trog_ov_bears_minmay,
          old_standard_altar
D:7:      layout_cave_pools, lemuel_tele_altar
D:8:      layout_basic, chequers_temple_overflow_statue_of_worship, serial_ice,
          serial_ice_j, serial_ice_e, serial_ice_n, serial_ice_c,
          jmf_multi_god_temple2, uniq_grum, uniq_gastronok, uniq_psyche
D:9:      layout_basic, erik_lair_dragon
D:10:     layout_loops_ring, kennysheep_orc_monster_closet_entryway
D:11:     layout_loops_ring, uniq_erolcha, uniq_harold, uniq_erica
D:12:     layout_basic
D:13:     layout_cave_pods, erik_vaults_2, minmay_beelzebubs_servants
D:14:     layout_stronghold, nrook_campfire, hangedman_fish_farm
D:15:     gammafunk_enter_depths_forms, layout_loops_ring,
          nemelex_xobeh_ov_fountains_minmay, hangedman_glass_teeth,
          uniq_josephine
Temple:   hc_temple_tempest_star
Lair:1:   layout_chaotic_city, serial_rivers, chequers_serial_rivers_marsh,
          chequers_serial_rivers_room_b, chequers_serial_rivers_small_3,
          chequers_serial_rivers_micro_d, chequers_serial_rivers_micro_d,
          chequers_serial_rivers_micro_a, kennysheep_rathole,
          serial_bayou_shore_b
Lair:2:   layout_regular_city, grunt_megastairs_1
Lair:3:   layout_cave_shapes, spider_nest_entry_webs, st_stairs_7,
          lemuel_fruit_fields
Lair:4:   layout_loops_ring, minmay_shoals_entry_beasts, fungi_pond_lemuel
Lair:5:   layout_roguey
Lair:6:   grunt_lair_end_beastmaster, layout_gridlike, slime_altar_2,
          uniq_sonja, uniq_snorg
Spider:1: layout_spider_delve, guppyfry_spider_mini_3
Spider:2: layout_spider_delve, ebering_ghost_xom, drop_trap,
          nicolae_spider_circle_web
Spider:3: layout_spider_delve, special_room [special_room_bee]
Spider:4: johnstein_spider_rune_arachne_lair, nicolae_spider_nook
Orc:1:    layout_caves, nicolae_orc_pool_cavern
Orc:2:    grunt_orc_cross, layout_diamond_mine

Skill      XL: |  1  2  3  4  5  6  7  8  9 10 11 12 13 14 15 16 |
---------------+-------------------------------------------------+-----
Dodging        | 2 3 4 5 7 8 9 10 | 10.0
Spellcasting   | 3 4 6 8 10 | 10.1
Ice Magic      | 4 6 7 8 9 10 12 13 15 | 15.1
Conjurations   | 2 3 4 5 7 8 9 10 | 10.0
Summonings     | 2 4 6 7 |  7.0
Shields        | 4 7 10 12 | 12.7
Invocations    | 5 8 |  8.0
Air Magic      | 6 10 | 10.6
Long Blades    | 5 6 |  6.2
Stealth        | |  1.7

Action                   |  1- 3 |  4- 6 |  7- 9 | 10-12 | 13-15 | 16-18 || total
-------------------------+-------+-------+-------+-------+-------+-------++-------
Melee: Unarmed           |     1 |       |       |       |       |       ||     1
       Dagger            |    31 |     9 |       |       |       |       ||    40
       Tailslap          |     5 |     7 |    26 |    33 |    38 |     1 ||   110
       Spear             |       |   116 |    83 |    66 |       |       ||   265
       Rapier            |       |       |    87 |       |       |       ||    87
       War axe           |       |       |       |   204 |    59 |     2 ||   265
       Staff             |       |       |       |       |   118 |     7 ||   125
       Demon trident     |       |       |       |       |    18 |       ||    18
       Double sword      |       |       |       |       |    24 |     9 ||    33
Throw: Throwing net      |       |       |       |       |     4 |       ||     4
 Cast: Freeze            |    57 |   101 |   113 |   253 |    79 |       ||   603
       Throw Frost       |       |    12 |    58 |   110 |   180 |    42 ||   402
       Summon Ice Beast  |       |       |     7 |   124 |   213 |    14 ||   358
       Searing Ray       |       |       |     5 |    16 |    19 |       ||    40
       Ozocubu's Armour  |       |       |       |     3 |     6 |       ||     9
       Throw Icicle      |       |       |       |    29 |   362 |    20 ||   411
       Freezing Cloud    |       |       |       |       |    56 |     5 ||    61
       Lightning Bolt    |       |       |       |       |    18 |       ||    18
Invok: Channel Magic     |       |       |       |       |    11 |       ||    11
       Forget Spell      |       |       |       |       |     1 |       ||     1
 Abil: Breathe Frost     |       |       |    12 |    10 |    14 |       ||    36
Evoke: Wand              |       |       |    10 |    40 |    20 |       ||    70
       Phantom mirror    |       |       |       |       |     1 |       ||     1
  Use: Potion            |       |     4 |     1 |     6 |    12 |       ||    23
       Scroll            |       |     2 |     7 |     6 |    27 |     8 ||    50
 Stab: Sleeping          |     3 |     4 |     1 |     4 |     1 |       ||    13
       Paralysed         |       |       |    13 |       |       |       ||    13
       Distracted        |       |       |       |     3 |     3 |       ||     6
       Confused          |       |       |       |       |     1 |       ||     1
  Eat: Chunk             |     4 |    11 |    22 |    45 |    35 |       ||   117
       Ration            |       |       |       |     5 |    13 |     2 ||    20
Armor: Skin              |    27 |    58 |    84 |   117 |   207 |     9 ||   502
Dodge: Dodged            |    58 |   143 |   244 |   626 |  1035 |    79 ||  2185
Block: Shield            |       |       |       |       |   337 |    48 ||   385
       Rpst.: Double sword |       |       |       |       |     5 |     6 ||    11
